AoeStats
← TLD Dalkiel

Arabia

509823809Analyzed
2v2 RM · 5d ago on Sep 28, 2026· 59m 5s· 4 players
Game mode
Random Map
Map size
Medium (4 player)
Population
200
Speed
Normal
Resources
Standard
Victory
Conquest
Starting age
Dark Age
Ending age
Imperial Age
RankedLock teamsTeams togetherTeam positionsShared explorationLock speedFull tech treeHidden civsTurbo modeCheats
Victory
Defeat
🇦🇺 Magyars · Australia
1168
+10
🇦🇺 Vikings · Australia
1089
+13
🇲🇽 Danes · Mexico
1117
-14
🇲🇽 Saxons · Mexico
956
-9
LingLing
6:58 Loom
9:20 Feudal Age
9:48 Double-Bit Axe
13:08 Wheelbarrow
14:01 Scale Barding Armor
16:19 Horse Collar
16:51 Bloodlines
24:24 Castle Age
24:18 Gold Mining
24:58 Fletching
24:40 Light Cavalry
25:21 Husbandry
25:25 Padded Archer Armor
26:52 Wheelbarrow
26:29 Bow Saw
26:23 Heavy Plow
26:25 Bodkin Arrow
26:46 Leather Archer Armor
30:19 Hand Cart
33:35 Town Watch
34:37 Thumb Ring
35:01 Chain Barding Armor
38:06 Ballistics
43:20 Stone Mining
52:10 Imperial Age
51:56 Masonry
52:00 Corvinian Army
54:16 Recurve Bow
55:21 Chemistry
55:21 Parthian Tactics
56:00 Heavy Cavalry Archer
56:47 Hussar
57:39 Bracer
topknottoby
7:24 Loom
11:06 Feudal Age
13:32 Double-Bit Axe
14:00 Fletching
16:27 Padded Archer Armor
24:02 Horse Collar
27:13 Castle Age
27:28 Crossbowman
28:08 Bodkin Arrow
28:29 Leather Archer Armor
30:22 Heavy Plow
32:28 Leather Archer Armor
37:50 Stone Mining
38:33 Bow Saw
40:19 Gold Mining
40:27 Town Watch
43:25 Scale Barding Armor
43:08 Light Cavalry
46:32 Imperial Age
45:48 Coinage
46:46 Capped Ram
47:25 Arbalester
50:29 Bracer
51:00 Ring Archer Armor
50:51 Chain Barding Armor
50:42 Forging
50:33 Scale Mail Armor
51:52 Conscription
50:56 Elite Berserk
56:25 Iron Casting
58:25 Chain Mail Armor
59:10 Blast Furnace
El viejo7335
4:18 Loom
10:01 Feudal Age
21:36 Castle Age
20:44 Arson
21:03 Scale Mail Armor
23:43 Squires
25:16 Gambesons
27:06 Horse Collar
28:32 Heavy Plow
28:45 Pikeman
30:28 Stone Mining
31:36 Gold Mining
31:48 Double-Bit Axe
34:04 Chain Mail Armor
34:03 Forging
34:38 Bow Saw
37:58 Iron Casting
38:02 Wheelbarrow
37:13 Town Watch
40:50 Elite Skirmisher
45:25 Imperial Age
42:53 Fletching
43:47 Hand Cart
44:12 Ballistics
43:34 Treadmill Crane
44:13 Thumb Ring
47:49 Chemistry
46:23 Capped Ram
47:50 Halberdier
48:10 Clerical Recruitment
48:18 Shield Wall
49:53 Plate Mail Armor
49:26 Padded Archer Armor
49:29 Town Patrol
49:12 Elite Varangian Guard
TLD Dalkiel
8:32 Loom
11:39 Feudal Age
12:12 Man-at-Arms
13:31 Arson
13:48 Horse Collar
23:32 Castle Age
23:05 Gold Mining
23:58 Wheelbarrow
23:28 Scale Mail Armor
25:08 Squires
36:51 Gambesons
43:05 Double-Bit Axe
46:54 Stone Mining
49:47 Chain Mail Armor
49:43 Forging
55:36 Imperial Age
Connection lost

Rejoining the realm…

Still unreachable

The connection could not be restored.

Session expired

The server has moved on; the page needs a fresh start.